 Dungeon Crawl Stone Soup version 0.26-a0-490-gf8362a0c98 (webtiles) character file.

Game seed: 9603143271689673346

203 Gargoyl the Skirmisher (level 5, -1/47 HPs)
             Began as a Gnoll Abyssal Knight on Aug 4, 2020.
             Was a Believer of Lugonu.
             Killed from afar by an orc wizard (5 damage)
             ... with a puff of flame
             ... on level 4 of the Dungeon.
             The game lasted 00:05:23 (2926 turns).

Gargoyl the Skirmisher (Gnoll Abyssal Knight)       Turns: 2926, Time: 00:05:24

Health: -1/47      AC: 13    Str: 14    XL:     5   Next: 81%
Magic:  8/8        EV:  5    Int: 14    God:    Lugonu [**....]
Gold:   213        SH:  8    Dex: 16    Spells: 7/7 levels left

rFire    . . .     SeeInvis .   a - +1 hand axe
rCold    . . .     Faith    .   e - +0 kite shield
rNeg     . . .     Spirit   .   i - +0 chain mail
rPois    .         Reflect  .   o - +0 helmet
rElec    .         Harm     .   j - +1 cloak
rCorr    .                      (no gloves)
MR       .....                  (no boots)
Stlth    ..........             d - amulet of magic regeneration
HPRegen  0.15/turn              (no ring)
MPRegen  0.36/turn              (no ring)

@: brilliant
A: distributed training, fangs 1, strong nose
a: Depart the Abyss, Bend Space, Renounce Religion


You were on level 4 of the Dungeon.
You worshipped Lugonu.
Lugonu was pleased with you.
You visited 1 branch of the dungeon, and saw 4 of its levels.
You visited the Abyss 1 time.

You collected 213 gold pieces.

Inventory:

Hand Weapons
 a - a +1 hand axe (weapon)
 h - a cursed -3 war axe
Missiles
 g - 8 boomerangs of dispersal (quivered)
Armour
 e - a +0 kite shield (worn)
 i - a +0 chain mail (worn)
 j - a +1 cloak (worn)
 o - a +0 helmet (worn)
Jewellery
 d - an amulet of magic regeneration (around neck)
Wands
 l - a wand of acid (6)
Scrolls
 c - 5 scrolls of identify
 k - 2 scrolls of magic mapping {unknown}
 m - a scroll of remove curse {unknown}
 p - a scroll of random uselessness {unknown}
Potions
 b - 2 potions of invisibility
 f - 2 potions of might
 n - a potion of stabbing {unknown}
 r - a potion of haste {unknown}
 s - a potion of brilliance


   Skills:
 + Level 6.7 Fighting
 + Level 1.6 Short Blades
 + Level 1.6 Long Blades
 + Level 4.8 Axes
 + Level 1.6 Maces & Flails
 + Level 1.6 Polearms
 + Level 1.6 Staves
 + Level 1.6 Slings
 + Level 1.6 Bows
 + Level 1.6 Crossbows
 + Level 1.6 Throwing
 + Level 4.8 Armour
 + Level 3.0 Dodging
 + Level 1.6 Stealth
 + Level 1.6 Shields
 + Level 1.6 Unarmed Combat
 + Level 1.6 Spellcasting
 + Level 1.3 Conjurations
 + Level 1.3 Hexes
 + Level 1.3 Summonings
 + Level 1.3 Necromancy
 + Level 1.3 Translocations
 + Level 1.3 Transmutations
 + Level 1.3 Fire Magic
 + Level 1.3 Ice Magic
 + Level 1.3 Air Magic
 + Level 1.3 Earth Magic
 + Level 1.3 Poison Magic
 + Level 4.9 Invocations
 + Level 1.6 Evocations


You had 7 spell levels left.
You didn't know any spells.
Your spell library was empty.

Dungeon Overview and Level Annotations

Branches:
Dungeon (4/15)
 Temple: D:4-7

Altars:
Cheibriados
Fedhas
Ru
Vehumet
Wu Jian
The Shining One


Innate Abilities, Weirdness & Mutations

Your experience applies equally to all skills.
You have very sharp teeth.
Your uncanny sense of smell can sniff out nearby items.


Message History

A magic dart appears from out of thin air!
The magic dart hits you but does no damage.
You hit something but do no damage.
Something hits you but does no damage. x2
You hit something. Something hits you.
* * * LOW HITPOINT WARNING * * *
You closely miss something. Your bite misses something.
Something hits you but does no damage.
You closely miss something.
You hear some strange, mumbled words.
Something tries to affect you, but you resist.
You closely miss something.
You hear some strange, mumbled words.
A puff of flame appears from out of thin air!
The puff of flame hits you!
* * * LOW HITPOINT WARNING * * *
You hit something.
You hear some strange, mumbled words.
A puff of flame appears from out of thin air!
The puff of flame hits you.
You die...

..#####+##
#........#
#........#
#.!.......
+.........
#........#
##..$..?..#
#..@......#
#.{.).....#
#..)......#
#..<.......
#..........
∆
######.....
..... .....
....


There were no monsters in sight!

Vanquished Creatures
  An orc wizard (D:3)
  An orc priest (D:4)
  Robin (D:3)
  3 adders
  4 dart slugs
  2 leopard geckos (D:1)
  3 orcs (D:3)
  6 bats
  4 giant cockroaches
  17 goblins
  10 hobgoblins
  9 jackals
  3 quokkas (D:2)
  5 frilled lizards
  7 kobolds
  7 rats
83 creatures vanquished.

Vanquished Creatures (others)
  A goblin (D:3)
1 creature vanquished.

Grand Total: 84 creatures vanquished

Notes
Turn   | Place    | Note
-------+----------+-------------------------------------------
     0 | Abyss:1  | Gargoyl the Gnoll Abyssal Knight began the quest for the
                  | Orb.
     0 | Abyss:1  | Reached XP level 1. HP: 23/23 MP: 3/3
    35 | Abyss:2  | Noticed a large abomination
    46 | Abyss:2  | Noticed an iron imp
    55 | Abyss:3  | Noticed a hellephant
    55 | Abyss:3  | Noticed a spatial vortex
    56 | Abyss:3  | Noticed a spatial vortex
    66 | Abyss:3  | Noticed a spatial vortex
   129 | Abyss:3  | Noticed a rakshasa
   130 | D:1      | Escaped the Abyss
   346 | D:1      | Reached XP level 2. HP: 28/29 MP: 5/5
   418 | D:1      | Reached * piety under Lugonu
   542 | D:1      | Reached XP level 3. HP: 27/35 MP: 6/6
  1320 | D:2      | Reached skill level 1 in Short Blades
  1320 | D:2      | Reached skill level 1 in Long Blades
  1320 | D:2      | Reached skill level 1 in Maces & Flails
  1320 | D:2      | Reached skill level 1 in Polearms
  1320 | D:2      | Reached skill level 1 in Staves
  1320 | D:2      | Reached skill level 1 in Slings
  1320 | D:2      | Reached skill level 1 in Bows
  1320 | D:2      | Reached skill level 1 in Crossbows
  1320 | D:2      | Reached skill level 1 in Throwing
  1320 | D:2      | Reached skill level 1 in Stealth
  1320 | D:2      | Reached skill level 1 in Shields
  1320 | D:2      | Reached skill level 1 in Unarmed Combat
  1320 | D:2      | Reached skill level 1 in Spellcasting
  1320 | D:2      | Reached skill level 1 in Evocations
  1323 | D:2      | Reached ** piety under Lugonu
  1393 | D:2      | Found a snail-covered altar of Cheibriados.
  1406 | D:2      | Found a faded altar of an unknown god.
  1412 | D:2      | Reached XP level 4. HP: 30/41 MP: 7/7
  1596 | D:2      | Found an ornate altar of the Wu Jian Council.
  1873 | D:3      | Reached skill level 1 in Conjurations
  1873 | D:3      | Reached skill level 1 in Hexes
  1873 | D:3      | Reached skill level 1 in Summonings
  1873 | D:3      | Reached skill level 1 in Necromancy
  1873 | D:3      | Reached skill level 1 in Translocations
  1873 | D:3      | Reached skill level 1 in Transmutations
  1873 | D:3      | Reached skill level 1 in Fire Magic
  1873 | D:3      | Reached skill level 1 in Ice Magic
  1873 | D:3      | Reached skill level 1 in Air Magic
  1873 | D:3      | Reached skill level 1 in Earth Magic
  1873 | D:3      | Reached skill level 1 in Poison Magic
  1880 | D:3      | Found a sacrificial altar of Ru.
  2144 | D:3      | Noticed Robin
  2159 | D:3      | Reached XP level 5. HP: 34/47 MP: 8/8
  2162 | D:3      | Killed Robin
  2383 | D:3      | Found a blossoming altar of Fedhas.
  2514 | D:3      | Found a radiant altar of Vehumet.
  2515 | D:3      | Found a glowing golden altar of the Shining One.
  2909 | D:4      | HP: 2/47 [orc priest/nerve-wracking pain (13)]
  2926 | D:4      | Killed from afar by an orc wizard

Illustrated notes

Levels and vault maps discovered:
D:1:      eino_arrival_cavern_b, layout_basic
D:2:      layout_rooms, overflow_temple_1_default, lemuel_crystal_altar,
          chequers_ecumenical_altar_simple_redux
D:3:      kennysheep_goblin_castle, layout_rooms, old_standard_altar,
          gammafunk_temple_overflow_pools, old_standard_altar
D:4:      layout_basic, minmay_shop_grid_forest, minmay_distorted, uniq_edmund

Skill      XL: |  1  2  3  4  5 |
---------------+----------------+-----
Short Blades   | 1 |  1.6
Long Blades    | 1 |  1.6
Maces & Flails | 1 |  1.6
Polearms       | 1 |  1.6
Staves         | 1 |  1.6
Slings         | 1 |  1.6
Bows           | 1 |  1.6
Crossbows      | 1 |  1.6
Throwing       | 1 |  1.6
Stealth        | 1 |  1.6
Shields        | 1 |  1.6
Unarmed Combat | 1 |  1.6
Spellcasting   | 1 |  1.6
Evocations     | 1 |  1.6
Conjurations   | 1 |  1.3
Hexes          | 1 |  1.3
Summonings     | 1 |  1.3
Necromancy     | 1 |  1.3
Translocations | 1 |  1.3
Transmutations | 1 |  1.3
Fire Magic     | 1 |  1.3
Ice Magic      | 1 |  1.3
Air Magic      | 1 |  1.3
Earth Magic    | 1 |  1.3
Poison Magic   | 1 |  1.3
Dodging        | 3 |  3.0
Fighting       | |  6.7
Axes           | |  4.8
Armour         | |  4.8
Invocations    | |  4.9

Action                   |  1- 3 |  4- 6 || total
-------------------------+-------+-------++-------
Melee: Glaive            |    28 |       ||    28
       Hand axe          |    86 |   123 ||   209
       Bite              |     7 |     9 ||    16
Invok: Depart the Abyss  |     1 |       ||     1
  Use: Scroll            |     5 |     2 ||     7
       Potion            |       |     2 ||     2
Armor: Leather armour    |    22 |       ||    22
       Chain mail        |    17 |   101 ||   118
Dodge: Dodged            |    51 |    31 ||    82
Block: Kite shield       |    29 |    55 ||    84

Table legend: (Time is in decaauts)
 A = Elapsed time spent in this place.
 B = Non-inter-level travel time spent in this place.
 C = Inter-level travel time spent in this place.
 D = Time resting spent in this place.
 E = Time spent auto-exploring this place.
 F = Levels seen in this place.
 G = Mean time per level.
                   A        B        C        D        E       F      G
               +--------+--------+--------+--------+--------+-----+--------+
         Total |   2990 |   2898 |     92 |    408 |   1757 |   7 |  427.1 |
       Dungeon |   2861 |   2769 |     92 |    408 |   1681 |   4 |  715.2 |
         Abyss |    129 |    129 |      0 |      0 |     76 |   3 |   43.0 |
               +--------+--------+--------+--------+--------+-----+--------+

Top non-repeatable levels by time:
     D:1: 1122 daAuts
     D:3: 1058 daAuts
     D:2: 634 daAuts
 Abyss:3: 74 daAuts
     D:4: 46 daAuts
 Abyss:2: 35 daAuts
 Abyss:1: 19 daAuts
